 Dungeon Crawl Stone Soup version 0.31-a0-145-g046c7d2549 (webtiles) character file.

Game seed: 7452720061198134914

464 qw the Skirmisher (level 6, -1/53 HPs)
             Began as a Minotaur Hunter on June 7, 2023.
             Succumbed to a killer bee's poison
             ... on level 4 of the Dungeon.
             The game lasted 00:01:17 (3282 turns).

qw the Skirmisher (Minotaur Hunter)                 Turns: 3282, Time: 00:01:18

Health: -1/53      AC:  7    Str: 15    XL:     6   Next: 80%
Magic:  5/5        EV: 12    Int:  6    God:
Gold:   115        SH:  0    Dex: 16    Spells: 5/5 levels left

rFire   + . .        Y - +0 shortbow
rCold   . . .        (shield currently unavailable)
rNeg    + . .        c - +3 leather armour {rF+}
rPois   .            (helmet restricted)
rElec   .            (no cloak)
rCorr   .            g - +0 pair of gloves
SInv    .            (no boots)
Will    .....        (no amulet)
Stlth   +            f - ring of positive energy
HPRegen 0.28/turn    (no ring)
MPRegen 0.09/turn

%: no passive effects
@: lethally poisoned (-1 -> -10)
A: horns 2, retaliatory headbutt
a: no special abilities


You were on level 4 of the Dungeon.
You visited 1 branch of the dungeon, and saw 5 of its levels.

You collected 115 gold pieces.


Innate Abilities, Weirdness & Mutations

You have a pair of horns on your head.
You reflexively headbutt those who attack you in melee.


   Skills:
 - Level 4.3 Fighting
 - Level 8.2 Ranged Weapons
 - Level 1.4 Armour
 + Level 2.1 Dodging
 - Level 0.7 Stealth


You had 5 spell levels left.
You didn't know any spells.
Your spell library was empty.

Inventory:

Hand Weapons
 Y - a +0 shortbow (weapon)
Armour
 c - a +3 leather armour of fire resistance (worn)
 g - a +0 pair of gloves (worn)
Jewellery
 f - a ring of positive energy (left hand)
Scrolls
 a - a scroll of identify
Potions
 d - a potion of curing {unknown}
 h - a potion of cancellation
 i - a potion of mutation {unknown}
 l - a potion of degeneration {unknown}

Dungeon Overview and Level Annotations

Branches:
Dungeon (5/15)
 Temple: D:4-7

Altars:
Dithmenos

Shops:
D:4 [(


Message History

The killer bee is almost dead.
You feel sick.
The killer bee barely misses you. x2; You furiously retaliate!
You headbutt the killer bee! The killer bee stings you.
You are more poisoned.
The killer bee poisons you! The killer bee stings you.
You are more poisoned.
The killer bee poisons you! The killer bee closely misses you. x2
You furiously retaliate!
You headbutt the killer bee!
You kill the killer bee!
You shoot an arrow. The arrow barely misses the killer bee.
You feel very sick.
The killer bee stings you but does no damage.
The killer bee misses you. The killer bee stings you.
You are more poisoned.
The killer bee poisons you! The killer bee stings you!
3276 ||| DRINKING potion of heal wounds.
You feel much better.
You feel very sick.
The killer bee stings you but does no damage.
The killer bee stings you!
You are lethally poisoned!
The killer bee poisons you!
The killer bee stings you but does no damage.
The killer bee closely misses you. You furiously retaliate!
You headbutt the killer bee!
You kill the killer bee!
You shoot an arrow. The arrow hits the killer bee!
You kill the killer bee!
You feel extremely sick.
Your Ranged Weapons skill increases to level 8!
There is a lethal amount of poison in your body!
You feel very sick.
There is a lethal amount of poison in your body!
You feel very sick.
There is a lethal amount of poison in your body!
You feel very sick.
There is a lethal amount of poison in your body!
You feel very sick.
There is a lethal amount of poison in your body!
You die...

###.#
#.......######.#
....#
######.)###.........#
#####
#............########
#.####..##..[#
#.####..##...#
#.......##...#
#..####.##...# #..#
##.##...#
#..###.#.#@..#
#..##.###%...#
#######..##..#.#..##
..................#
########.##.......#
##.####.....#
###...........#
####.....###.....#
##........# #.....#


There were no monsters in sight!

Vanquished Creatures
  4 killer bees (D:4)
  An orc priest (D:3)
  A jelly (D:4)
  An iguana (D:4)
  4 gnolls (D:4)
  7 adders
  4 worms
  A dart slug (D:3)
  10 orcs
  9 endoplasms
  A giant cockroach (D:2)
  3 goblins
  6 hobgoblins
  8 jackals
  2 quokkas (D:1)
  6 ball pythons
  4 bats
  4 frilled lizards
  4 kobolds
  4 rats
84 creatures vanquished.

Notes
Turn   | Place    | Note
-------+----------+-------------------------------------------
     0 | D:1      | qw the Minotaur Hunter began the quest for the Orb.
     0 | D:1      | Reached XP level 1. HP: 18/18 MP: 0/0
     0 | D:1      | 0 ||| qw: Version: 0.2-a-117-gc6b5c8b
     0 | D:1      | 0 ||| qw: Game counter: 2481
     0 | D:1      | 0 ||| qw: Always use a shield: true
     0 | D:1      | 0 ||| qw: God list: Okawaru
     0 | D:1      | 0 ||| qw: Allow faded altars: false
     0 | D:1      | 0 ||| qw: Do Orc after D:15 true
     0 | D:1      | 0 ||| qw: Do second Lair branch before Depths: true
     0 | D:1      | 0 ||| qw: Lair rune preference: random
     0 | D:1      | 0 ||| qw: Plans: Normal
     0 | D:1      | 0 ||| PLANNING D:1-11
   180 | D:1      | Reached XP level 2. HP: 25/25 MP: 1/1
   185 | D:1      | Reached skill level 5 in Ranged Weapons
   340 | D:1      | Reached skill level 3 in Fighting
   680 | D:1      | 680 ||| UPGRADING to +0 ring mail.
   690 | D:1      | 690 ||| DROPPING +0 leather armour.
   691 | D:1      | 691 ||| UPGRADING to ring of positive energy.
   692 | D:1      | 692 ||| READING scroll labelled IVOOJE KEMYE.
   793 | D:1      | 793 ||| READING scroll labelled LIENAY JAIKU.
   794 | D:1      | 794 ||| DROPPING scroll of butterflies.
   831 | D:2      | Reached XP level 3. HP: 31/31 MP: 2/2
   870 | D:2      | Reached skill level 1 in Armour
  1079 | D:2      | Reached XP level 4. HP: 38/38 MP: 3/3
  1555 | D:2      | 1555 ||| READING 2 scrolls labelled TEIREAKKESM.
  1556 | D:2      | 1556 ||| DRINKING 3 clear potions.
  1680 | D:3      | Found a faded altar of an unknown god.
  1694 | D:3      | 1694 ||| Stepping ~*~*~tactically~*~*~ (outnumbered).
  1697 | D:3      | 1697 ||| Stepping ~*~*~tactically~*~*~ (outnumbered).
  1699 | D:3      | 1699 ||| Stepping ~*~*~tactically~*~*~ (outnumbered).
  1705 | D:3      | Reached skill level 6 in Ranged Weapons
  1783 | D:3      | Found a shadowy altar of Dithmenos.
  1965 | D:3      | Reached XP level 5. HP: 45/45 MP: 4/4
  2291 | D:3      | 2291 ||| UPGRADING to +3 leather armour of fire resistance.
  2301 | D:3      | 2301 ||| DROPPING +0 ring mail.
  2302 | D:3      | 2302 ||| READING scroll labelled FUNKEGE URGHY.
  2303 | D:3      | 2303 ||| READING scroll labelled RUBAXZI GUPIO.
  2306 | D:3      | 2306 ||| READING scroll labelled NAIWNI IKISATH.
  2307 | D:3      | 2307 ||| DRINKING 2 inky potions.
  2309 | D:3      | 2309 ||| Stepping ~*~*~tactically~*~*~ (cloud).
  2640 | D:4      | Found Peackoh's Antique Weapon Shop.
  2641 | D:4      | 2641 ||| READING scroll labelled TUMOVE RUADIF.
  2730 | D:4      | Reached skill level 7 in Ranged Weapons
  2738 | D:4      | Reached XP level 6. HP: 31/53 MP: 5/5
  2758 | D:4      | 2758 ||| FLEEEEING.
  2759 | D:4      | 2759 ||| FLEEEEING.
  3026 | D:4      | Found Wabaqos's Armour Shoppe.
  3029 | D:4      | 3029 ||| SHOPLISTING +0 hat "Qiqog" {Dex+3} (224 gold, have
                  | 115).
  3029 | D:4      | 3029 ||| SHOPLISTING +1 pair of boots of stealth (214 gold,
                  | have 115).
  3029 | D:4      | 3029 ||| SHOPLISTING +2 hat (208 gold, have 115).
  3100 | D:4      | 3100 ||| UPGRADING to +0 pair of gloves.
  3105 | D:4      | 3105 ||| READING 2 scrolls of identify.
  3105 | D:4      | 3105 ||| IDENTIFYING coppery potion
  3106 | D:4      | 3106 ||| DROPPING potion of berserk rage.
  3156 | D:5      | Entered Level 5 of the Dungeon
  3159 | D:5      | 3159 ||| STAIRDANCE
  3167 | D:4      | HP: 13/53 [poisoned by a killer bee]
  3168 | D:4      | 3168 ||| DRINKING 2 potions of heal wounds.
  3271 | D:5      | 3271 ||| STAIRDANCE
  3275 | D:4      | HP: 9/53 [killer bee (7)]
  3276 | D:4      | 3276 ||| DRINKING potion of heal wounds.
  3278 | D:4      | Reached skill level 8 in Ranged Weapons
  3280 | D:4      | HP: 4/53 [poisoned by a killer bee]
  3282 | D:4      | Succumbed to a killer bee's poison

Levels and vault maps discovered:
D:1:      lemuel_arrival_muddy, layout_basic, amcnicky_mini_pool_small,
          due_unseen_surprise
D:2:      layout_basic, chequers_serial_rivers_large_a
D:3:      layout_rooms, nicolae_dithmenos_shadow_blocks,
          shapermc_ecumenical_altar_flowoftime, kennysheep_generic_room_15
D:4:      layout_loops_ring, serial_shops, nicolae_shop_window_shopping,
          kennysheep_mini_moat
D:5:      cheibrodos_two_vegetables, layout_rooms, lemuel_round_altar

Skill      XL: |  1  2  3  4  5  6 |
---------------+-------------------+-----
Ranged Weapons | 5 6 7 8 |  8.2
Fighting       | 3 4 |  4.3
Armour         | 1 |  1.4
Dodging        | |  2.1
Stealth        | |  0.7

Action                     |  1- 3 |  4- 6 || total
---------------------------+-------+-------++-------
   Fire: Shortbow          |   100 |   162 ||   262
    Use: Scroll            |     2 |     6 ||     8
         Potion            |       |     4 ||     4
 Armour: Leather armour    |     3 |    22 ||    25
         Ring mail         |     8 |    14 ||    22
  Dodge: Dodged            |    36 |    56 ||    92

Table legend:
 A = Non-vault XP
 B = Vault XP
 C = Vault XP percentage of total XP
 D = Non-vault monster count
 E = Vault monster count
 F = Vault count percentage of total count
                 A         B        C        D         E       F
            +---------+---------+-------+---------+---------+-------
      Total |     663 |       1 |   0.2 |      83 |       1 |   1.2
            +---------+---------+-------+---------+---------+-------
        D:1 |      39 |       0 |   0.0 |      23 |       0 |   0.0
        D:2 |      71 |       0 |   0.0 |      19 |       0 |   0.0
        D:3 |     111 |       1 |   0.9 |      23 |       1 |   4.2
        D:4 |     439 |       0 |   0.0 |      17 |       0 |   0.0
        D:5 |       3 |       0 |   0.0 |       1 |       0 |   0.0
            +---------+---------+-------+---------+---------+-------
